AoeStats
← stencek

Arabia

507123118Analyzed
1v1 RM · 16d ago on Sep 16, 2026· 42m 30s· 2 players
Game mode
Random Map
Map size
Tiny (2 player)
Population
200
Speed
Normal
Resources
Standard
Victory
Conquest
Starting age
Dark Age
Ending age
Imperial Age
RankedLock teamsTeams togetherTeam positionsShared explorationLock speedFull tech treeHidden civsTurbo modeCheats
Victory
Defeat
🇨🇴 Lithuanians · Colombia
596
+14
🇨🇿 Bohemians · Czechia
552
-14
stencek
11:03 Feudal Age
11:37 Double-Bit Axe
11:35 Horse Collar
15:28 Town Watch
18:43 Wheelbarrow
17:55 Loom
21:39 Castle Age
20:25 Scale Barding Armor
21:55 Scale Mail Armor
22:43 Crossbowman
24:32 Pikeman
25:13 Squires
24:59 Arson
25:57 Elite Skirmisher
29:07 Chemistry
28:29 Husbandry
35:17 Wagenburg Tactics
36:35 Bow Saw
36:28 Heavy Plow
36:50 Padded Archer Armor
36:41 Fletching
40:53 Leather Archer Armor
40:34 Bodkin Arrow
40:54 Chain Mail Armor
40:50 Forging
41:01 Chain Barding Armor
43:39 Imperial Age
quice1117
11:39 Feudal Age
12:09 Double-Bit Axe
12:07 Horse Collar
14:26 Forging
14:22 Scale Barding Armor
16:13 Bloodlines
20:33 Fletching
23:20 Castle Age
23:57 Stone Mining
24:19 Thumb Ring
25:31 Bow Saw
26:19 Stone Shaft Mining
26:09 Crossbowman
27:04 Gold Mining
28:39 Wheelbarrow
28:41 Bodkin Arrow
28:56 Treadmill Crane
29:56 Hand Cart
30:23 Masonry
30:39 Ballistics
34:07 Hill Forts
35:09 Padded Archer Armor
35:20 Husbandry
35:36 Heavy Plow
36:14 Leather Archer Armor
36:16 Murder Holes
36:24 Town Watch
41:35 Imperial Age
40:43 Iron Casting
40:28 Chain Barding Armor
41:13 Elite Skirmisher
42:17 Chain Barding Armor
Connection lost

Rejoining the realm…

Still unreachable

The connection could not be restored.

Session expired

The server has moved on; the page needs a fresh start.